 Dungeon Crawl Stone Soup version 0.31-b1-18-g61460d1e46 (webtiles) character file.

Game seed: 6873137443540270151

126 NamelessAdventurer the Trooper (level 5, -5/46 HPs)
             Began as a Hill Orc Fighter on Jan 17, 2024.
             Slain by an iguana (6 damage)
             ... on level 4 of the Dungeon.
             The game lasted 00:05:36 (988 turns).

NamelessAdventurer the Trooper (Hill Orc Fighter)    Turns: 988, Time: 00:05:36

Health: -5/46      AC:  7    Str: 19    XL:     5   Next: 10%
Magic:  5/5        EV:  9    Int: 10    God:
Gold:   124        SH:  5    Dex: 16    Spells: 4/4 levels left

rFire   . . .        a - +1 war axe
rCold   . . .        c - +0 buckler
rNeg    . . .        b - +0 scale mail
rPois   .            (no helmet)
rElec   .            (no cloak)
rCorr   .            (no gloves)
SInv    .            (no boots)
Will    .....        (no amulet) Stlth
                     i - +6 ring of dexterity
HPRegen 0.27/turn    (no ring)
MPRegen 0.09/turn

%: no passive effects
@: hasted, very quick
A: no striking features
a: no special abilities


You were on level 4 of the Dungeon.
You visited 1 branch of the dungeon, and saw 4 of its levels.

You collected 124 gold pieces.

Inventory:

Hand Weapons
 a - a +1 war axe (weapon)
 f - a +1 antimagic sling
Missiles
 e - 2 javelins (quivered)
 g - 6 darts of dispersal
Armour
 b - a +0 scale mail (worn)
 c - a +0 buckler (worn)
Jewellery
 i - a +6 ring of dexterity (left hand)
Potions
 d - 3 potions of might
 h - 2 potions of enlightenment
 j - a potion of cancellation
 k - a potion of attraction


   Skills:
 * Level 4.1 Fighting
 * Level 3.9 Axes
 * Level 0.7 Ranged Weapons
 * Level 1.0 Throwing
 * Level 3.8 Armour
 * Level 0.7 Dodging
 * Level 1.0 Stealth
 * Level 3.8 Shields


You had 4 spell levels left.
You didn't know any spells.
Your spell library contained the following spells:

 Spells                   Type           Power      Damage    Failure   Level
 Apportation              Tloc           0%         N/A       80%         1
 Necrotise                Necr           0%         1d4       80%         1
 Sting                    Conj/Alch      0%         1d3       80%         1
 Summon Small Mammal      Summ           0%         N/A       80%         1


Dungeon Overview and Level Annotations

Branches:
Dungeon (4/15)
 Temple: D:4-7

Altars:


Message History

The iguana bites you.
The jackal bites you but does no damage.
The giant cockroach barely misses you. The iguana bites you!
You slash the giant cockroach!
You kill the giant cockroach!
You hit the jackal.
You kill the jackal!
You closely miss the iguana. The iguana bites you.
* * * LOW HITPOINT WARNING * * *
The iguana bites you.
* * * LOW HITPOINT WARNING * * *
You see here a giant cockroach corpse.
The iguana bites you.
* * * LOW HITPOINT WARNING * * *
The iguana attacks as it pursues you!
The iguana bites you but does no damage.
You slash the iguana!
The iguana is heavily wounded.
The iguana bites you.
* * * LOW HITPOINT WARNING * * *
You hit the iguana.
The iguana is severely wounded.
The iguana bites you.
* * * LOW HITPOINT WARNING * * *
The iguana bites you but does no damage.
It was a potion of haste.
You feel yourself speed up.
The iguana bites you but does no damage.
You barely miss the iguana.
The iguana is severely wounded.
You closely miss the iguana.
The iguana is severely wounded.
The iguana closely misses you.
You hit the iguana but do no damage.
The iguana is severely wounded.
The iguana bites you.
* * * LOW HITPOINT WARNING * * *
You hit the iguana.
The iguana is severely wounded.
The iguana bites you.
You die...

#...... .. $..... .
# #....#.# # .#
#.#..#.#
.#..#.##### #.....
.#..#......
#.(#####<.>.######.
#.†..†(..#...# #...
#######l###......#
##.#. .......@#
#.#.##..##....
#########
#†##.#.##)...# #.#
#.......## #.#
#####..<.# #.#
##....
#.#########.#.
#.......# #.#.
#######.###...
#.......


You could see an iguana.

Vanquished Creatures
  A jelly (D:4)
  3 gnolls (D:3)
  An adder (D:2)
  3 ribbon worms
  7 orcs
  3 bats
  2 giant cockroaches (D:4)
  3 goblins
  2 hobgoblins
  4 jackals (D:4)
  4 quokkas
  4 ball pythons
  A frilled lizard (D:2)
  4 kobolds
  3 rats (D:2)
45 creatures vanquished.

Notes
Turn   | Place    | Note
-------+----------+-------------------------------------------
     0 | D:1      | NamelessAdventurer the Hill Orc Fighter began the quest for
                  | the Orb.
     0 | D:1      | Reached XP level 1. HP: 19/19 MP: 1/1
   217 | D:1      | Reached XP level 2. HP: 27/27 MP: 2/2
   412 | D:2      | Reached skill level 4 in Fighting
   412 | D:2      | Reached XP level 3. HP: 33/33 MP: 3/3
   637 | D:3      | Reached XP level 4. HP: 36/40 MP: 4/4
   760 | D:4      | Reached skill level 1 in Throwing
   760 | D:4      | Reached skill level 1 in Stealth
   855 | D:4      | Reached XP level 5. HP: 46/46 MP: 5/5
   983 | D:4      | HP: 2/46 [iguana (3)]
   988 | D:4      | Slain by an iguana

Illustrated notes

Levels and vault maps discovered:
D:1:      eino_arrival_water_star, layout_loops_ring, hangedman_decor_push
D:2:      layout_basic, minmay_3d_cube
D:3:      layout_basic, lemuel_coloured_pillars_altar,
          overflow_temple_1_default, serial_shops,
          nicolae_shop_tiny_real_fake_doors, st_stairs_1
D:4:      layout_loops_ring

Skill      XL: |  1  2  3  4 |
---------------+-------------+-----
Fighting       | 4 |  4.1
Axes           | 3 |  3.9
Throwing       | 1 |  1.0
Stealth        | 1 |  1.0
Ranged Weapons | |  0.7
Armour         | |  3.8
Dodging        | |  0.7
Shields        | |  3.8

Action                     |  1- 3 |  4- 6 || total
---------------------------+-------+-------++-------
  Melee: War axe           |    39 |    33 ||    72
   Fire: Sling             |    14 |       ||    14
  Throw: Javelin           |    21 |    13 ||    34
    Use: Scroll            |     7 |     1 ||     8
         Potion            |       |     1 ||     1
 Armour: Scale mail        |    29 |    32 ||    61
  Dodge: Dodged            |    38 |    15 ||    53
  Block: Buckler           |     5 |     8 ||    13
